 Dungeon Crawl Stone Soup version 0.30.1-3-gfc49f6343a (webtiles) character file.

Game seed: 15326125265255166623

1775 Peloso the Carver (level 8, -1/71 HPs)
             Began as a Minotaur Fighter on July 30, 2023.
             Was a Believer of Okawaru.
             Slain by a killer bee (2 damage)
             ... on level 6 of the Dungeon.
             The game lasted 00:08:59 (5124 turns).

Peloso the Carver (Minotaur Fighter)                Turns: 5124, Time: 00:09:03

Health: -1/71      AC: 14    Str: 20 (21) XL:     8   Next: 80%
Magic:  7/7        EV:  6    Int:  3 (5)  God:    Okawaru [**....]
Gold:   394        SH:  5    Dex: 11 (12) Spells: 7/7 levels left

rFire   . . .        a - +0 long sword
rCold   . . .        d - +0 buckler
rNeg    . . .        c - +0 plate armour
rPois   .            (helmet restricted)
rElec   .            (no cloak)
rCorr   .            f - +0 pair of gloves
SInv    .            (no boots)
Will    .....        j - amulet of regeneration Stlth
                     (no ring)
HPRegen 1.11/turn    (no ring)
MPRegen 0.10/turn

%: no passive effects
@: lethally poisoned (-1 -> -1)
A: horns 2, retaliatory headbutt
a: Renounce Religion, Heroism


You were on level 6 of the Dungeon.
You worshipped Okawaru.
Okawaru was pleased with you.
You visited 1 branch of the dungeon, and saw 7 of its levels.

You collected 394 gold pieces.

Inventory:

Hand Weapons
 a - a +0 long sword (weapon)
 b - a +0 dagger of flaming
Armour
 c - a +0 plate armour (worn)
 d - a +0 buckler (worn)
 f - a +0 pair of gloves (worn)
Jewellery
 j - an amulet of regeneration (around neck)
 l - a ring of fire
 q - a ring of resist corrosion
 z - a +6 ring of intelligence
Wands
 v - a wand of quicksilver (11)
 y - a wand of mindburst (15)
Scrolls
 h - 4 scrolls of teleportation {unknown}
 i - 3 scrolls of blinking {unknown}
 k - 2 scrolls of magic mapping
 n - 3 scrolls of poison
 o - 4 scrolls of torment {unknown}
 s - a scroll of summoning {unknown}
 w - a scroll of identify
Potions
 e - a potion of might
 m - a potion of magic
 p - a potion of mutation
 r - a potion of degeneration
 t - 2 potions of resistance
 u - a potion of invisibility {unknown}
 x - 2 potions of lignification {unknown}


   Skills:
 + Level 6.6 Fighting
 + Level 10.1 Long Blades
 + Level 7.1 Armour
 + Level 0.7 Dodging
 + Level 0.8 Stealth
 + Level 5.3 Shields


You had 7 spell levels left.
You didn't know any spells.
Your spell library contained the following spells:

 Spells                   Type           Power      Damage    Failure   Level
 Beastly Appendage        Tmut           0%         N/A       100%        1
 Sublimation of Blood     Necr           0%         N/A       100%        2
 Wereblood                Tmut           0%         N/A       100%        2
 Spider Form              Tmut/Pois      0%         N/A       100%        3
 Summon Hydra             Summ           Unusable   N/A       N/A         7

Dungeon Overview and Level Annotations

Branches:
Dungeon (7/15)             Temple (0/1) D:6

Altars:
Ashenzari
Cheibriados
Dithmenos
Gozag
Kikubaaqudgha
Nemelex Xobeh
Okawaru
Sif Muna
Trog
Uskayaw
Wu Jian
Yredelemnul
Lugonu

Portals:
Abyss: D:5

Annotations:
D:5 3 runed translucent doors, Crazy Yiuf


Innate Abilities, Weirdness & Mutations

You have a pair of horns on your head.
You reflexively headbutt those who attack you in melee.


Message History

Unknown command.
You miss the killer bee. Your headbutt misses the killer bee.
The killer bee is almost dead.
You feel sick. The killer bee stings you.
* * * LOW HITPOINT WARNING * * *
You are more poisoned.
The killer bee poisons you!
The killer bee stings you but does no damage. x2
The killer bee closely misses you. You furiously retaliate!
You headbutt the killer bee!
You kill the killer bee!
Okawaru accepts your kill.
The killer bee stings you but does no damage.
The killer bee closely misses you.
You feel better. You block the killer bee's attack.
The killer bee stings you but does no damage.
The killer bee stings you.
* * * LOW HITPOINT WARNING * * *
The killer bee stings you but does no damage.
The killer bee stings you.
* * * LOW HITPOINT WARNING * * *
You are poisoned.
The killer bee poisons you! The killer bee stings you.
* * * LOW HITPOINT WARNING * * *
You block the killer bee's attack.
You see here a killer bee corpse.
The killer bee attacks as you move away!
The killer bee stings you.
* * * LOW HITPOINT WARNING * * *
The killer bee attacks as you move away!
The killer bee stings you.
* * * LOW HITPOINT WARNING * * *
x2 You feel sick.
It was a potion of degeneration.
There was something very wrong with that liquid.
You feel weakened.
You feel dopey.
You feel clumsy.
You feel sick.
The killer bee stings you but does no damage.
You block the killer bee's attack. x2; The killer bee stings you.
You die...

#################
#........#...<..#
#...............#
#........#......#
######.###......# #.#
##.##### ## ###.# #.#
#. #y@.# #.#### #.
#y######....######.
#y...............+.
#.#########.######.
####............รท.....
#......#####.#.#######
#.####.#####.#.# #.#
#......<#.# #.#
#########.#


You could see 3 killer bees.

Vanquished Creatures
  An orc warrior (D:6)
  3 ice beasts
  2 sky beasts (D:5)
  2 black bears (D:6)
  2 ogres
  A centaur (D:6)
  A phantom (D:5)
  4 scorpions
  2 killer bees
  A jelly (D:6)
  A hound (D:4)
  An orc priest (D:4)
  A sleepcap (D:5)
  Robin (D:4)
  13 adders
  2 white imps
  3 worms
  2 dart slugs
  12 orcs
  4 bats
  10 endoplasms
  4 giant cockroaches
  17 goblins
  7 hobgoblins
  7 jackals
  5 quokkas
  7 ball pythons
  4 frilled lizards
  11 kobolds
  3 rats (D:3)
134 creatures vanquished.

Notes
Turn   | Place    | Note
-------+----------+-------------------------------------------
     0 | D:1      | Peloso the Minotaur Fighter began the quest for the Orb.
     0 | D:1      | Reached XP level 1. HP: 19/19 MP: 0/0
   322 | D:1      | Reached XP level 2. HP: 27/27 MP: 1/1
   782 | D:2      | Identified the +6 dagger of Checkmate {heavy, Int+3 Dex+3}
   987 | D:2      | Reached XP level 3. HP: 33/33 MP: 2/2
  1292 | D:2      | Reached skill level 3 in Long Blades
  1295 | D:2      | Identified the +0 pair of gloves of Lonuanuh {Int+3}
  1778 | D:3      | Reached XP level 4. HP: 38/41 MP: 3/3
  1949 | D:3      | Found a faded altar of an unknown god.
  2022 | D:3      | Reached skill level 4 in Long Blades
  2425 | D:4      | Noticed Robin
  2449 | D:4      | Killed Robin
  2450 | D:4      | Reached XP level 5. HP: 33/47 MP: 4/4
  2546 | D:4      | Found a basalt altar of Yredelemnul.
  2566 | D:4      | Reached skill level 5 in Long Blades
  2635 | D:4      | Noticed an ogre
  2675 | D:4      | Killed an ogre
  2676 | D:4      | Reached skill level 5 in Armour
  2676 | D:4      | Reached XP level 6. HP: 39/53 MP: 5/5
  2695 | D:4      | Found a shimmering blue altar of Sif Muna.
  2801 | D:4      | Found an ancient bone altar of Kikubaaqudgha.
  2954 | D:4      | Reached skill level 6 in Long Blades
  3079 | D:4      | Reached skill level 5 in Fighting
  3259 | D:4      | Found a sparkling altar of Nemelex Xobeh.
  3401 | D:5      | Entered Level 5 of the Dungeon
  3413 | D:5      | Noticed a sky beast
  3429 | D:5      | Killed a sky beast
  3430 | D:5      | Reached XP level 7. HP: 54/61 MP: 6/6
  3520 | D:5      | Reached skill level 7 in Long Blades
  3542 | D:5      | Found an iron altar of Okawaru.
  3543 | D:5      | Found a bloodstained altar of Trog.
  3544 | D:5      | Found a broken altar of Ashenzari.
  3544 | D:5      | Found a hide-covered altar of Uskayaw.
  3550 | D:5      | Became a worshipper of Warmaster Okawaru
  3622 | D:5      | Found a snail-covered altar of Cheibriados.
  3724 | D:5      | Reached skill level 8 in Long Blades
  3724 | D:5      | Reached skill level 5 in Shields
  3753 | D:5      | Found a shadowy altar of Dithmenos.
  3963 | D:5      | Found a large runed translucent door.
  3964 | D:5      | Found a large runed translucent door.
  3966 | D:5      | Found a corrupted altar of Lugonu.
  4006 | D:5      | Found a one-way gate to the infinite horrors of the Abyss.
  4156 | D:5      | Found a runed translucent door.
  4157 | D:5      | Noticed Crazy Yiuf
  4363 | D:6      | Reached XP level 8. HP: 69/69 MP: 7/7
  4404 | D:6      | Found a staircase to the Ecumenical Temple.
  4458 | D:6      | Reached * piety under Okawaru
  4459 | D:6      | Reached skill level 9 in Long Blades
  4850 | D:6      | Reached ** piety under Okawaru
  4922 | D:6      | Found an ornate altar of the Wu Jian Council.
  4929 | D:6      | Found an opulent altar of Gozag.
  5075 | D:7      | Reached skill level 10 in Long Blades
  5123 | D:6      | HP: 2/71 [killer bee (2)]
  5124 | D:6      | Slain by a killer bee

Illustrated notes

Levels and vault maps discovered:
D:1:      lightli_iron_boxes, layout_rooms, serial_bayou, serial_bayou_pond_e,
          serial_bayou_pond_e, serial_bayou_pond_e, serial_bayou_pond_a,
          serial_bayou_pond_c, serial_bayou_lake_a, grunt_decor_clamped,
          minmay_pentomino_t2
D:2:      layout_basic
D:3:      layout_basic, chequers_ecumenical_altar_grove, corner_web_ring,
          minmay_fractal_squares_5
D:4:      layout_loops_cross, kiku_gazebo_garden_becter,
          mainiacjoe_overflow_catch_the_wave, nemelex_spade_bored_becter,
          minmay_misc_feat_ornament, hex_large, uniq_robin
D:5:      due_chaos_kobolds, layout_loops_ring, nicolae_overflow_hidden_temple,
          mainiacjoe_overflow_alcove_3, nicolae_dithmenos_shadow_blocks,
          uniq_crazy_yiuf_cottage
D:6:      layout_basic, kennysheep_mini, kennysheep_mini_moat,
          minmay_temple_entry_gardened_gates
D:7:      layout_cave_pools, good_gods_temple_1, serial_co_window_serial,
          co_window_corner_a, co_window_paths_a, co_window_paths_b,
          co_window_corner_a, co_window_of_opportunity_a, co_window_cross_4,
          co_window_of_opportunity_b, co_window_corner_b, glass_columns_a,
          nicolae_figureground_pulse

Skill      XL: |  1  2  3  4  5  6  7  8 |
---------------+-------------------------+-----
Armour         | 4 5 7 |  7.1
Shields        | 4 5 |  5.3
Fighting       | 4 5 6 |  6.6
Long Blades    | 3 4 5 6 8 10 | 10.1
Dodging        | |  0.7
Stealth        | |  0.8

Action                     |  1- 3 |  4- 6 |  7- 9 || total
---------------------------+-------+-------+-------++-------
  Melee: Long sword        |   108 |   176 |   128 ||   412
         Headbutt          |    17 |    23 |    29 ||    69
    Use: Potion            |     3 |       |     4 ||     7
         Scroll            |     4 |     3 |       ||     7
 Armour: Plate armour      |    77 |   138 |   140 ||   355
  Dodge: Dodged            |    27 |    34 |    49 ||   110
  Block: Buckler           |    21 |    50 |    40 ||   111
